 Dungeon Crawl Stone Soup version 0.27.1-3-gb3d3a73c9e (webtiles) character file.

Game seed: 9954305616865308442

3498 Urokeeper the Severer (level 9, -5/105 (106) HPs)
             Began as a Minotaur Berserker on Oct 27, 2021.
             Was a High Priest of Trog.
             Shot with an arrow by a centaur (6 damage)
             ... on level 8 of the Dungeon.
             The game lasted 00:13:25 (9544 turns).

Urokeeper the Severer (Minotaur Berserker)          Turns: 9544, Time: 00:13:26

HP:   -5/105 (106)  AC: 12    Str: 24    XL:     9   Next: 80%
MP:   8/8           EV:  7    Int:  4    God:    Trog [*****.]
Gold: 406           SH:  0    Dex: 11    Spells: 8/8 levels left

rFire    . . .     SeeInvis +   L - +4 war axe
rCold    . . .     Faith    .   (no shield)
rNeg     . . .     Spirit   .   m - +0 plate armour
rPois    .         Reflect  .   (helmet restricted)
rElec    .         Harm     .   (no cloak)
rCorr    .         Rampage  .   (no gloves)
Will     ++...                  J - +0 pair of boots
Stlth    ..........             (no amulet)
HPRegen  1.27/turn              K - ring of see invisible
MPRegen  0.11/turn              (no ring)

@: berserking, strong-willed, regenerating, lightly drained, very quick
A: horns 2, retaliatory headbutt
a: Renounce Religion, Berserk, Trog's Hand, Brothers in Arms


You were on level 8 of the Dungeon.
You worshipped Trog.
Trog was extremely pleased with you.
You visited 1 branch of the dungeon, and saw 8 of its levels.
You also visited: Sewer.

You collected 406 gold pieces.

Inventory:

Hand Weapons
 a - a +0 hand axe
 c - a +0 hand axe of venom
 e - a +0 war axe
 L - a +4 war axe (weapon)
Missiles
 g - 2 throwing nets (quivered)
Armour
 b - a +0 animal skin
 h - a +1 scale mail
 m - a +0 plate armour (worn)
 x - the +1 robe of Benevolence {Harm}
   (You found it in a sewer)

   Harm:      It increases damage dealt and taken.
 J - a +0 pair of boots (worn)
Jewellery
 p - a ring of fire
 K - a ring of see invisible (left hand)
 M - a ring of protection from cold
Wands
 B - a wand of mindburst (17)
 C - a wand of acid (18)
 E - a wand of paralysis (7)
 N - a wand of iceblast (9)
Scrolls
 d - 3 scrolls of enchant armour
 f - 3 scrolls of summoning
 j - a scroll of enchant weapon
 k - a scroll of noise
 l - 2 scrolls of fear
 n - 2 scrolls of teleportation
 o - a scroll of amnesia
 y - a scroll of holy word {unknown}
 z - 3 scrolls of identify
 A - a scroll of torment {unknown}
 D - a scroll of immolation {unknown}
 F - 2 scrolls of blinking {unknown}
 G - a scroll of vulnerability {unknown}
Potions
 i - 7 potions of curing {unknown}
 q - a potion of attraction {unknown}
 r - a potion of brilliance {unknown}
 s - a potion of might
 t - a potion of mutation {unknown}
 u - a potion of resistance {unknown}
 v - 3 potions of heal wounds {unknown}
 w - a potion of magic {unknown}
 H - a potion of berserk rage {unknown}
 I - a potion of haste {unknown}
 O - a potion of invisibility {unknown}


   Skills:
 - Level 3.9 Fighting
 + Level 15.8 Axes
 - Level 2.8 Armour
 - Level 2.5 Dodging


You had 8 spell levels left.
You didn't know any spells.
Your spell library was empty.

Dungeon Overview and Level Annotations

Branches:
Dungeon (8/15)             Temple (0/1) D:6           Sewer (visited)
   Lair: D:8-11

Altars:
Ashenzari
Kikubaaqudgha
Nemelex Xobeh
Okawaru
Qazlal
Ru
Sif Muna
Vehumet
Yredelemnul
Zin
The Shining One

Shops:
D:2 :   D:7 (


Innate Abilities, Weirdness & Mutations

You have a pair of horns on your head.
You reflexively headbutt those who attack you in melee.


Message History

The arrow burns you. The wight hits you but does no damage.
You slash the wight! You headbutt the wight!
You destroy the wight!
Trog accepts your kill.
The centaur shoots an arrow.
The arrow hits you. The arrow burns you.
The wight hits you from afar with a +0 spear.
* * * LOW HITPOINT WARNING * * *
You feel drained.
You completely miss the bullfrog. Your headbutt misses the bullfrog.
The bullfrog hits you but does no damage.
You hit the bullfrog.
The bullfrog is moderately wounded.
The centaur shoots an arrow.
The arrow barely misses you. The wight barely misses you.
You completely miss the bullfrog.
The bullfrog is moderately wounded.
The bullfrog barely misses you.
The centaur shoots an arrow.
The arrow hits you!
* * * LOW HITPOINT WARNING * * *
The arrow burns you.
* * * LOW HITPOINT WARNING * * *
You slash the bullfrog!
The bullfrog is severely wounded.
The bullfrog hits you but does no damage.
You slice the bullfrog!!
You kill the bullfrog!
Trog accepts your kill.
The centaur shoots an arrow.
The arrow hits you.
* * * LOW HITPOINT WARNING * * *
The arrow burns you.
* * * LOW HITPOINT WARNING * * *
The wight hits you from afar with a +0 spear.
* * * LOW HITPOINT WARNING * * *
You feel drained.
You slice the yak!!
The yak is severely wounded.
The centaur shoots an arrow.
The arrow hits you!
* * * LOW HITPOINT WARNING * * *
The arrow burns you.
You die...

. # #.#. #.... #
.....z########+#+#
......YYY@.......#.#
#.##....##)...#..#.##
#.###.........#..#..#
##...#####.c...#..#..#
#......###.......)#..##
##........#######.##...#
#......)....'.###....#.# ..#
##.......)..##...####.#.##..#
#.....8.....#......####..#..#


You could see 3 yaks, a centaur and a wight.

Vanquished Creatures
  An unseen horror (D:7)
  Grinder (Sewer)
  A water moccasin (D:7)
  An orc warrior (D:8)
  2 sky beasts
  A black bear (D:6)
  An ice beast (D:6)
  2 necrophages
  3 ogres (D:4)
  2 centaurs
  2 kobold brigands (Sewer)
  5 bullfrogs
  11 wights
  2 howler monkeys (D:5)
  2 centaur zombies
  A hound (D:4)
  A quasit (Sewer)
  An orc priest (D:8)
  A bullfrog skeleton (D:5)
  A centaur skeleton (D:6)
  Jessica (D:3)
  5 iguanas
  Ijyb (D:4)
  2 gnoll shamans (D:8)
  6 orc wizards
  A hound skeleton (D:5)
  2 howler monkey skeletons
  A gnoll (D:8)
  12 adders
  2 shadow imps (Sewer)
  A white imp (D:8)
  4 ufetubi (Sewer)
  An adder skeleton (D:4)
  An adder zombie (Sewer)
  4 worms
  2 dart slugs
  12 orcs
  9 ball pythons
  7 bats
  13 endoplasms
  5 giant cockroaches
  10 goblins
  12 hobgoblins
  3 jackals
  10 quokkas
  A frilled lizard (D:2)
  A giant cockroach zombie (Sewer)
  23 kobolds
  2 kobold zombies (Sewer)
  10 rats
206 creatures vanquished.

Vanquished Creatures (others)
  A white imp (D:5)
  An endoplasm (Sewer)
2 creatures vanquished.

Grand Total: 208 creatures vanquished

Notes
Turn   | Place    | Note
-------+----------+-------------------------------------------
     0 | D:1      | Urokeeper the Minotaur Berserker began the quest for the
                  | Orb.
     0 | D:1      | Reached XP level 1. HP: 19/19 MP: 0/0
   330 | D:1      | Reached XP level 2. HP: 23/27 MP: 1/1
   639 | D:1      | Reached skill level 4 in Axes
   865 | D:1      | Reached ** piety under Trog
   866 | D:1      | Reached XP level 3. HP: 29/33 MP: 2/2
   868 | D:1      | Found a faded altar of an unknown god.
  1128 | D:2      | Found Xoetit's Book Shoppe.
  1166 | D:2      | Reached skill level 5 in Axes
  1178 | D:2      | Reached XP level 4. HP: 22/40 MP: 3/3
  1196 | D:2      | HP: 2/40 [worm (2)]
  1537 | D:2      | Found a sparkling altar of Nemelex Xobeh.
  1938 | D:3      | Noticed Jessica
  1940 | D:3      | Killed Jessica
  1941 | D:3      | Reached skill level 6 in Axes
  2089 | D:3      | Found a glowing drain.
  2113 | Sewer    | Entered a sewer
  2129 | Sewer    | Reached XP level 5. HP: 44/46 MP: 4/4
  2158 | Sewer    | Reached *** piety under Trog
  2368 | Sewer    | Found a burning altar of Makhleb.
  2385 | Sewer    | Reached skill level 7 in Axes
  2429 | Sewer    | Noticed Grinder
  2440 | Sewer    | Killed Grinder
  2441 | Sewer    | Reached skill level 8 in Axes
  2441 | Sewer    | Reached XP level 6. HP: 36/52 MP: 5/5
  2617 | Sewer    | Reached skill level 9 in Axes
  2664 | Sewer    | Reached XP level 7. HP: 17/58 MP: 6/6
  3167 | Sewer    | Identified the +1 robe of Benevolence {Harm}
  3439 | D:3      | Found a glowing silver altar of Zin.
  3551 | D:4      | Found a stormy altar of Qazlal.
  3725 | D:4      | Reached skill level 10 in Axes
  4372 | D:4      | Reached **** piety under Trog
  4377 | D:4      | Reached skill level 11 in Axes
  4467 | D:4      | Noticed Ijyb
  4475 | D:4      | Killed Ijyb
  4819 | D:4      | Reached XP level 8. HP: 46/66 MP: 7/7
  5151 | D:4      | Reached skill level 12 in Axes
  5457 | D:5      | Entered Level 5 of the Dungeon
  5753 | D:5      | Found a basalt altar of Yredelemnul.
  6083 | D:5      | Reached skill level 13 in Axes
  6743 | D:6      | Reached XP level 9. HP: 71/71 MP: 8/8
  6795 | D:6      | Found a staircase to the Ecumenical Temple.
  6932 | D:6      | Reached ***** piety under Trog
  7080 | D:6      | Found a glowing golden altar of the Shining One.
  7247 | D:6      | Found a radiant altar of Vehumet.
  7313 | D:6      | Found an ancient bone altar of Kikubaaqudgha.
  7446 | D:7      | Reached skill level 14 in Axes
  8097 | D:7      | Found a shimmering blue altar of Sif Muna.
  8144 | D:7      | Found Liozecur's Weapon Emporium.
  8266 | D:7      | Noticed an unseen horror
  8275 | D:7      | Killed an unseen horror
  8447 | D:7      | Found an iron altar of Okawaru.
  8453 | D:7      | Found a sacrificial altar of Ru.
  8456 | D:7      | Found a broken altar of Ashenzari.
  8760 | D:7      | Reached skill level 15 in Axes
  9529 | D:8      | Received a gift from Trog
  9544 | D:8      | HP: 1/105 [centaur/arrow (13)]
  9544 | D:8      | Shot with an arrow by a centaur

Illustrated notes

Levels and vault maps discovered:
D:1:      elethiomel_arrival_shortcut, layout_basic,
          hellmonk_ecumenical_altar_dog_temple, lemuel_flame_loot_1
D:2:      layout_rooms, basic_altar, serial_shops, shop
D:3:      layout_rooms, zin_treasury, portal_sewer_entry_f, uniq_jessica
D:4:      cheibrodos_barr_body, layout_gridville,
          nicolae_qazlal_general_emergency, st_stairs_7, uniq_ijyb
D:5:      layout_basic, amcnicky_altar_gilded, hangedman_decor_riveting,
          lemuel_flamethrower_1
D:6:      layout_loops_ring, kennysheep_mini, mainiacjoe_overflow_big_doors,
          minmay_temple_entry_crystal_x
D:7:      layout_layer_cave, minmay_overflow_temple_star_quad,
          mainiacjoe_overflow_24_doors, serial_shops, shop, corexii_checkpoint_a
D:8:      minmay_skewed_foursquare, layout_basic, minmay_shop_grid_forest

Skill      XL: |  1  2  3  4  5  6  7  8  9 |
---------------+----------------------------+-----
Axes           | 4 5 6 8 9 11 13 15 | 15.8
Fighting       | |  3.9
Armour         | |  2.8
Dodging        | |  2.5

Action                   |  1- 3 |  4- 6 |  7- 9 || total
-------------------------+-------+-------+-------++-------
Melee: Hand axe          |    12 |       |       ||    12
       Headbutt          |     9 |    17 |    48 ||    74
       War axe           |    48 |    99 |   290 ||   437
Invok: Berserk           |     1 |     4 |     8 ||    13
       Trog's Hand       |       |       |     1 ||     1
  Use: Scroll            |     1 |       |     6 ||     7
 Stab: Sleeping          |     1 |       |       ||     1
Armor: Animal skin       |     7 |       |       ||     7
       Scale mail        |    12 |    43 |       ||    55
       Plate armour      |       |       |   136 ||   136
Dodge: Dodged            |    42 |    66 |    89 ||   197
